 Dungeon Crawl Stone Soup version 0.26-a0-652-gafc20e3620 (webtiles) character file.

Game seed: 9124423814727217422

5893 tacoguy the Thaumaturge (level 10, -28/45 HPs)
             Began as a Deep Elf Summoner on Oct 4, 2020.
             Was a Priest of Sif Muna.
             Killed from afar by an ice beast (34 damage)
             ... with an exploding inner flame
             ... summoned by the player character
             ... hexed by the player character
             ... on level 10 of the Dungeon.
             The game lasted 01:45:22 (18965 turns).

tacoguy the Thaumaturge (Deep Elf Summoner)        Turns: 18965, Time: 01:45:25

Health: -28/45     AC:  5    Str:  7    XL:     10   Next: 53%
Magic:  18/36      EV: 17    Int: 24    God:    Sif Muna [***...]
Gold:   776        SH:  0    Dex: 15    Spells: 9/32 levels left

rFire    . . .     SeeInvis .   f - +2 halberd (venom)
rCold    . . .     Faith    .   (shield currently unavailable)
rNeg     . . .     Spirit   .   a - +0 robe
rPois    .         Reflect  .   e - +0 helmet
rElec    .         Harm     .   p - +0 cloak
rCorr    .         Rampage  .   k - +0 pair of gloves
MR       +....     Clarity  +   (no boots)
Stlth    ++........             (no amulet)
HPRegen  0.15/turn              c - ring of wizardry
MPRegen  0.25/turn              o - ring of magical power

@: no status effects
A: clarity, frail 1, strong 1
a: Channel Magic, Forget Spell, Renounce Religion


You were on level 10 of the Dungeon.
You worshipped Sif Muna.
Sif Muna was most pleased with you.
You visited 3 branches of the dungeon, and saw 12 of its levels.

You collected 776 gold pieces.

Inventory:

Hand Weapons
 f - a +2 halberd of venom (weapon)
Missiles
 b - 17 boomerangs (quivered)
Armour
 a - a +0 robe (worn)
 e - a +0 helmet (worn)
 k - a +0 pair of gloves (worn)
 p - a +0 cloak (worn)
Jewellery
 c - a ring of wizardry (left hand)
 o - a ring of magical power (right hand)
Wands
 g - a wand of paralysis (6)
 l - a wand of flame (27)
 m - a wand of digging (6)
 n - a wand of enslavement (3)
 q - a wand of polymorph (5)
 s - a wand of random effects (28)
 t - a wand of iceblast (8)
Scrolls
 d - a scroll of remove curse
 h - a scroll of identify
 i - 2 scrolls of immolation
 r - a scroll of magic mapping
 x - a scroll of enchant armour
Potions
 u - a potion of invisibility {unknown}
 v - a potion of lignification {unknown}
 w - a potion of magic {unknown}
 z - a potion of flight
 A - a potion of might {unknown}
Miscellaneous
 j - a phial of floods


   Skills:
 - Level 0.2 Fighting
   Level 0.2 Short Blades
   Level 0.1 Maces & Flails
 + Level 8.0 Dodging
 - Level 3.2 Stealth
 * Level 11.7 Spellcasting
 * Level 10.8 Summonings
 * Level 8.2 Necromancy


You had 9 spell levels left.
You knew the following spells:

 Your Spells              Type           Power        Failure   Level
a - Gell's Gravitas       Tloc           ##........   5%          3
b - Call Imp              Summ           ######..     1%          2
c - Call Canine Familiar  Summ           ######..     1%          3
d - Summon Ice Beast      Ice/Summ       #####...     1%          4
e - Summon Lightning Spi  Summ/Air       #####...     1%          4
f - Vampiric Draining     Necr           ######....   1%          3
g - Animate Dead          Necr           ######....   1%          4

Your spell library contained the following spells:

 Spells                   Type           Power        Failure   Level
 Animate Skeleton         Necr           ######       1%          1
 Foxfire                  Conj/Fire      ##..         1%          1
 Freeze                   Ice            ##..         1%          1
 Pain                     Necr           ####         1%          1
 Summon Small Mammal      Summ           ####         1%          1
 Summon Guardian Golem    Hex/Summ       #####...     1%          3
 Agony                    Necr           ######..     1%          5
 Confusing Touch          Hex            ##......     5%          3
 Conjure Flame            Conj/Fire      ##......     5%          3
 Frozen Ramparts          Ice            ##....       5%          3
 Inner Flame              Hex/Fire       ##......     5%          3
 Ozocubu's Armour         Ice            ##......     5%          3
 Hailstorm                Conj/Ice       ##......     17%         4
 Petrify                  Tmut/Erth      ##......     17%         4
 Sticky Flame             Conj/Fire      ##......     17%         4
 Fireball                 Conj/Fire      ##........   43%         5
 Metabolic Englaciation   Hex/Ice        ##........   43%         5
 Yara's Violent Unravell  Hex/Tmut       ##........   43%         5


Dungeon Overview and Level Annotations

Branches:
Dungeon (10/15)            Temple (1/1) D:6            Lair (1/6) D:8
    Orc: D:9-12

Altars:
Ashenzari
Cheibriados
Dithmenos
Elyvilon
Fedhas
Gozag
Hepliaklqana
Kikubaaqudgha
Makhleb
Nemelex Xobeh
Okawaru
Qazlal
Ru
Sif Muna
Trog
Uskayaw
Vehumet
Wu Jian
Xom
Yredelemnul
Zin
The Shining One


Innate Abilities, Weirdness & Mutations

You possess an exceptional clarity of mind.
You are frail. (-10% HP)
Your muscles are strong. (Str +2)


Message History

Your ice beast disappears in a puff of smoke!
You hear a shout! x4
There is a strange disturbance nearby!
Casting: Summon Ice Beast (dangerous; 1% risk of failure)
Confirm with . or Enter, or press ? or * to list all spells.
You call on the dead to rise...
The dead are walking!
Flame seeps out of something.
You swap places.
Something barely misses your ice beast.
Casting: Animate Dead (dangerous; 1% risk of failure)
Confirm with . or Enter, or press ? or * to list all spells.
Something hits your ice beast. Flame seeps out of your ice beast.
Your ice beast is engulfed in blazing flames.
Flame seeps out of your ice beast.
Press: ? - help, Dir - move target cursor You reach to attack!
You miss something. Something misses your ice beast.
Your ice beast is engulfed in blazing flames.
Your ice beast explodes!
The fiery explosion engulfs you!!
Ouch! That really hurt!
You die...

#.........# .....##
#........$# #<.....#
..........###.......
#...........#....## .
#...........#.....#
.? ........)...§§...#
...
...........§.§...#
....
#.....##.Z§§.§...#..#
#.....##@○..........#
####..#.§Yh....<...##
#.......##.......#
##......#...........
##.....##..........
#.................
##..............#.
#............#.#
#...........####


You could see a friendly warg (summoned), a friendly ice beast (summoned, inner
flame) and a friendly ogre zombie.

Vanquished Creatures
  Pikel (D:6)
  An ice beast (D:10)
  A centaur (D:9)
  Blork the orc (D:6)
  A water moccasin zombie (D:7)
  3 howler monkeys
  A centaur zombie (D:9)
  A hound (D:8)
  An iguana (D:6)
  A hound skeleton (D:6)
  2 adders
  A worm (D:3)
  A dart slug (D:1)
  3 leopard geckos
  3 orcs
  2 giant cockroaches (D:1)
  7 goblins
  8 hobgoblins
  A quokka (D:4)
  A ball python (D:3)
  5 bats
  2 frilled lizards
  8 kobolds
  A quokka zombie (D:5)
  5 rats
62 creatures vanquished.

Vanquished Creatures (collateral kills)
  Harold (D:9)
  A two-headed ogre (D:9)
  An unseen horror (D:10)
  Maggie (D:6)
  A gargoyle (D:8)
  Prince Ribbit (D:9)
  A hippogriff (D:9)
  The ghost of looop the Conjurer, an amateur OpCj (D:4)
  A vampire (D:9)
  9 yaks
  Sigmund (D:4)
  A wyvern (D:8)
  Eustachio (D:6)
  A basilisk (D:8)
  3 porcupines (D:8)
  An ice beast (D:10)
  3 orc warriors
  2 sky beasts
  3 phantoms
  10 ogres
  3 centaurs
  2 crocodiles (D:8)
  3 lemures (D:6)
  4 big kobolds
  3 bullfrogs (D:7)
  3 scorpions
  6 wights
  8 howler monkeys
  A bullfrog zombie (D:5)
  A quasit (D:7)
  3 hounds
  2 bullfrog skeletons
  3 orc priests
  2 jellies (D:7)
  6 orc wizards
  3 gnoll shamans
  Natasha (thrice) (D:4)
  An iguana (D:9)
  9 worker ants
  3 hound zombies
  2 hound skeletons (D:5)
  A worker ant zombie (D:5)
  15 gnolls
  A howler monkey skeleton (D:4)
  11 adders
  A shadow imp (D:7)
  2 white imps
  A nameless horror (D:5)
  3 ufetubi
  An adder skeleton (D:5)
  3 worms
  A dart slug (D:2)
  2 leopard geckos
  43 orcs
  5 bats
  3 giant cockroaches
  4 goblins
  7 hobgoblins
  8 jackals (D:2)
  3 quokkas
  4 frilled lizards
  A jackal zombie (D:6)
  14 kobolds
  A quokka zombie (D:7)
  8 rats
258 creatures vanquished.

Vanquished Creatures (others)
  4 fungi (D:8)
  31 plants
35 creatures vanquished.

Grand Total: 355 creatures vanquished

Notes
Turn   | Place    | Note
-------+----------+-------------------------------------------
     0 | D:1      | tacoguy the Deep Elf Summoner began the quest for the Orb.
     0 | D:1      | Reached XP level 1. HP: 10/10 MP: 6/6
   318 | D:1      | Reached XP level 2. HP: 12/15 MP: 5/8
   834 | D:1      | Reached skill level 5 in Summonings
  1260 | D:1      | Learned a level 2 spell: Call Imp
  1427 | D:1      | Reached XP level 3. HP: 17/19 MP: 10/10
  1462 | D:1      | Learned a level 3 spell: Call Canine Familiar
  3364 | D:2      | Gained mutation: You are frail. (-10% HP) [potion of
                  | mutation]
  3364 | D:2      | Gained mutation: Your muscles are strong. (Str +2) [potion
                  | of mutation]
  3364 | D:2      | Gained mutation: You possess an exceptional clarity of
                  | mind. [potion of mutation]
  3465 | D:2      | Reached XP level 4. HP: 21/21 MP: 3/11
  3843 | D:2      | Found a bloodstained altar of Trog.
  3843 | D:2      | Found a snail-covered altar of Cheibriados.
  3844 | D:2      | Found a stormy altar of Qazlal.
  3912 | D:3      | Reached skill level 4 in Spellcasting
  4241 | D:3      | Learned a level 4 spell: Summon Ice Beast
  5275 | D:3      | Reached XP level 5. HP: 25/25 MP: 2/13
  6581 | D:3      | Reached skill level 5 in Spellcasting
  6971 | D:4      | Found a runed translucent door.
  6971 | D:4      | Noticed looop's ghost (amateur OpCj)
  6982 | D:4      | Killed looop's ghost
  6982 | D:4      | Reached XP level 6. HP: 19/28 MP: 4/16
  7121 | D:4      | Noticed Natasha
  7129 | D:4      | Learned a level 4 spell: Summon Lightning Spire
  7132 | D:4      | Killed Natasha
  7200 | D:4      | Found a broken altar of Ashenzari.
  7205 | D:4      | Noticed Sigmund
  7216 | D:4      | Killed Sigmund
  7352 | D:4      | Noticed Natasha
  7361 | D:4      | Killed Natasha
  7854 | D:4      | Reached skill level 6 in Spellcasting
  8076 | D:4      | Noticed Natasha
  8081 | D:4      | Killed Natasha
  8196 | D:4      | Reached XP level 7. HP: 32/32 MP: 10/18
  8785 | D:5      | Entered Level 5 of the Dungeon
  9288 | D:5      | Found a stormy altar of Qazlal.
  9421 | D:5      | Reached skill level 7 in Spellcasting
  9772 | D:5      | Found an ornate altar of the Wu Jian Council.
 10784 | D:6      | Reached skill level 5 in Dodging
 10906 | D:6      | Noticed Eustachio
 10915 | D:6      | Learned a level 3 spell: Vampiric Draining
 10920 | D:6      | Learned a level 4 spell: Animate Dead
 10930 | D:6      | Killed Eustachio
 11102 | D:6      | Reached XP level 8. HP: 36/36 MP: 20/21
 11104 | D:6      | Noticed Maggie
 11108 | D:6      | Reached skill level 8 in Spellcasting
 11119 | D:6      | Reached skill level 1 in Necromancy
 11122 | D:6      | Killed Maggie
 11338 | D:6      | Found a staircase to the Ecumenical Temple.
 11422 | D:6      | Noticed Blork the orc
 11423 | D:6      | Noticed Pikel
 11432 | D:6      | Killed Blork the orc
 11435 | D:6      | Killed Pikel
 11790 | D:6      | Found a glowing silver altar of Zin.
 11836 | Temple   | Entered the Ecumenical Temple
 11963 | Temple   | Learned a level 3 spell: Gell's Gravitas
 12083 | Temple   | Became a worshipper of Sif Muna the Loreminder
 12648 | D:7      | Reached skill level 9 in Spellcasting
 13459 | D:7      | Reached XP level 9. HP: 40/40 MP: 19/24
 14309 | D:8      | Reached * piety under Sif Muna
 14457 | D:8      | Reached skill level 5 in Necromancy
 14695 | D:8      | Noticed a gargoyle
 14986 | D:8      | Reached skill level 10 in Spellcasting
 15184 | D:8      | Found a staircase to the Lair.
 15199 | D:8      | Reached ** piety under Sif Muna
 15462 | Lair:1   | Entered Level 1 of the Lair of Beasts
 15679 | D:8      | Killed a gargoyle
 15679 | D:8      | Reached skill level 10 in Summonings
 16742 | D:9      | Reached XP level 10. HP: 45/45 MP: 13/26
 16864 | D:9      | Noticed Harold
 16874 | D:9      | Killed Harold
 16874 | D:9      | Reached skill level 11 in Spellcasting
 18079 | D:9      | Noticed a two-headed ogre
 18125 | D:9      | Killed a two-headed ogre
 18125 | D:9      | Reached *** piety under Sif Muna
 18308 | D:9      | Noticed Prince Ribbit
 18317 | D:9      | Killed Prince Ribbit
 18533 | D:10     | Entered Level 10 of the Dungeon
 18547 | D:10     | Killed an unseen horror
 18965 | D:10     | Killed from afar by an ice beast

Illustrated notes

Levels and vault maps discovered:
D:1:      dpeg_arrival_morbid_curiosity, layout_basic
D:2:      minmay_recursive_quarters, layout_rooms,
          gammafunk_temple_overflow_claw
D:3:      layout_basic
D:4:      layout_loops_ring, overflow_temple_1_default,
          ebering_ghost_inner_flame, uniq_sigmund, uniq_natasha
D:5:      layout_gridville, kennysheep_mini, grunt_qazlal_sundering
D:6:      layout_rooms, zin_treasury, minmay_temple_entry_gardened_gates,
          uniq_maggie, uniq_pikel, uniq_eustachio, uniq_blork_the_orc
D:7:      layout_basic
D:8:      layout_basic, minmay_lair_entry_grove
D:9:      layout_irregular_city, minmay_unpleasant_kobolds, uniq_harold,
          uniq_prince_ribbit1
D:10:     layout_cave_pools
Temple:   eino_temple_scatter_basement
Lair:1:   layout_roguey, basic_altar, portal_ice_cave_entry_pillars_1,
          lemuel_fruit_fields

Skill      XL: |  1  2  3  4  5  6  7  8  9 10 |
---------------+-------------------------------+-----
Summonings     | 5 6 7 8 10 | 10.8
Stealth        | 3 |  3.2
Spellcasting   | 4 5 6 7 9 10 11 | 11.7
Dodging        | 3 4 5 6 7 8 |  8.0
Necromancy     | 4 6 8 |  8.2
Fighting       | |  0.2
Short Blades   | |  0.2
Maces & Flails | |  0.1

Action                   |  1- 3 |  4- 6 |  7- 9 | 10-12 || total
-------------------------+-------+-------+-------+-------++-------
Melee: Mace              |    68 |       |       |       ||    68
       Dagger            |    61 |    11 |       |       ||    72
       Rapier            |       |    26 |       |       ||    26
       Trident           |       |    29 |   105 |     5 ||   139
       Halberd           |       |       |       |    25 ||    25
 Cast: Summon Small Mamm |    35 |     3 |       |       ||    38
       Call Imp          |    13 |    13 |     2 |     1 ||    29
       Call Canine Famil |     6 |    19 |    47 |    11 ||    83
       Summon Ice Beast  |       |    31 |    75 |    29 ||   135
       Summon Lightning  |       |     4 |    43 |     8 ||    55
       Gell's Gravitas   |       |       |    17 |     2 ||    19
       Vampiric Draining |       |       |    13 |     3 ||    16
       Animate Dead      |       |       |    15 |     5 ||    20
Evoke: Wand              |       |       |     5 |     9 ||    14
  Use: Potion            |     5 |       |     6 |     4 ||    15
       Scroll            |     5 |     3 |     6 |     4 ||    18
 Stab: Distracted        |     4 |       |     1 |       ||     5
       Sleeping          |     6 |     4 |     1 |       ||    11
Armor: Robe              |    22 |    14 |    22 |     4 ||    62
Dodge: Dodged            |   111 |    38 |   141 |    44 ||   334

Table legend: (Time is in decaauts)
 A = Elapsed time spent in this place.
 B = Non-inter-level travel time spent in this place.
 C = Inter-level travel time spent in this place.
 D = Time resting spent in this place.
 E = Time spent auto-exploring this place.
 F = Levels seen in this place.
 G = Mean time per level.
                   A        B        C        D        E       F      G
               +--------+--------+--------+--------+--------+-----+--------+
         Total |  19039 |  17004 |   2035 |  10686 |   3971 |  12 | 1586.6 |
       Dungeon |  18617 |  16727 |   1890 |  10548 |   3861 |  10 | 1861.7 |
        Temple |    260 |    118 |    142 |      0 |    110 |   1 |  260.0 |
          Lair |    161 |    158 |      3 |    138 |      0 |   1 |  161.0 |
               +--------+--------+--------+--------+--------+-----+--------+

Top non-repeatable levels by time:
     D:3: 3090 daAuts
     D:8: 2259 daAuts
     D:2: 2146 daAuts
     D:5: 1965 daAuts
     D:7: 1853 daAuts
     D:4: 1827 daAuts
     D:9: 1826 daAuts
     D:1: 1750 daAuts
     D:6: 1461 daAuts
    D:10: 436 daAuts
  Temple: 260 daAuts
  Lair:1: 161 daAuts
